 Seeded DCSS version 0.29-a0-323-g050149af67 (webtiles) character file.

Game seed: 20220404 (custom seed)

6856 a11behringer the Cleaver (level 10, -5/86 HPs)
             Began as a Minotaur Fighter on Apr 12, 2022.
             Was an Elder of Okawaru.
             Slain by a death yak (18 damage)
             ... on level 8 of the Dungeon.
             The game lasted 00:17:26 (8480 turns).

a11behringer the Cleaver (Minotaur Fighter)         Turns: 8480, Time: 00:17:27

Health: -5/86      AC: 18    Str: 25    XL:     10   Next: 78%
Magic:  12/12      EV: 11    Int:  5    God:    Okawaru [****..]
Gold:   150        SH: 10    Dex: 10    Spells: 9/9 levels left

rFire   . . .      SeeInvis +   a - +0 war axe
rCold   . . .      Faith    .   c - +0 buckler
rNeg    . . .      Spirit   .   f - +3 plate armour {rPois}
rPois   +          Reflect  +   (helmet restricted)
rElec   .          Harm     .   M - +0 cloak
rCorr   .          Rampage  .   (no gloves)
Will    .....                   (no boots)
Stlth   ..........              g - amulet of reflection
HPRegen 0.24/turn               E - +4 ring of evasion
MPRegen 0.13/turn               v - ring of see invisible

@: on berserk cooldown, slowed, very slow
A: horns 2, retaliatory headbutt
a: Renounce Religion, Heroism, Finesse


You were on level 8 of the Dungeon.
You worshipped Okawaru.
Okawaru was greatly pleased with you.
You visited 1 branch of the dungeon, and saw 8 of its levels.

You collected 967 gold pieces.
You spent 817 gold pieces at shops.

Inventory:

Hand Weapons
 a - a +0 war axe (weapon)
 G - a +0 flail
 J - a +1 whip of electrocution
 O - a +6 trident of venom
Missiles
 P - 6 silver javelins (quivered)
Armour
 b - a +0 scale mail
 c - a +0 buckler (worn)
 f - a +3 plate armour of poison resistance (worn)
 F - a +2 leather armour of positive energy
 M - a +0 cloak (worn)
Jewellery
 g - an amulet of reflection (around neck)
 v - a ring of see invisible (right hand)
 x - an amulet of faith
 C - a ring of wizardry
 E - a +4 ring of evasion (left hand)
 R - a ring of protection from cold
Wands
 l - a wand of paralysis (4)
 z - a wand of charming (7)
 D - a wand of iceblast (3)
 N - a wand of polymorph (9)
 S - a wand of flame (17)
Scrolls
 e - a scroll of enchant armour {unknown}
 n - 2 scrolls of vulnerability {unknown}
 o - a scroll of holy word
 p - 2 scrolls of fog {unknown}
 q - 5 scrolls of teleportation
 s - 2 scrolls of silence {unknown}
 t - 2 scrolls of blinking {unknown}
 y - 3 scrolls of enchant weapon {unknown}
 B - 3 scrolls of immolation
 H - a scroll of summoning {unknown}
 L - 4 scrolls of noise {unknown}
 T - a scroll of amnesia {unknown}
Potions
 d - 4 potions of might
 h - 2 potions of brilliance
 i - 2 potions of lignification
 j - a potion of flight
 k - 8 potions of curing
 m - 4 potions of mutation
 r - 2 potions of attraction
 u - a potion of ambrosia {unknown}
 w - 2 potions of degeneration {unknown}
 A - a potion of magic {unknown}
 I - 3 potions of heal wounds
 K - a potion of haste


   Skills:
 + Level 7.6 Fighting
 * Level 14.5 Axes
 + Level 1.1 Throwing
 + Level 8.3 Armour
 + Level 1.2 Dodging
 + Level 7.3 Shields
 * Level 4.7 Invocations


You had 9 spell levels left.
You didn't know any spells.
Your spell library contained the following spells:

 Spells                   Type           Power      Damage    Failure   Level
 Magic Dart               Conj           0%         1d3       100%        1
 Slow                     Hex            0%         N/A       100%        1
 Confusing Touch          Hex            0%         N/A       100%        3
 Vampiric Draining        Necr           0%         2d6       100%        3
 Freezing Cloud           Conj/Ice/Air   0%         6-21      100%        5
 Iron Shot                Conj/Erth      0%         9d1       100%        6
 Ignition                 Fire           0%         3d3       100%        8


Dungeon Overview and Level Annotations

Branches:
Dungeon (8/15)             Temple (0/1) D:6            Lair (0/6) D:8

Altars:
Gozag
Okawaru
Qazlal
Uskayaw
Vehumet

Shops:
D:1 *   D:3 :   D:7 !


Innate Abilities, Weirdness & Mutations

You have a pair of horns on your head.
You reflexively headbutt those who attack you in melee.


Message History

You barely miss the death yak. You headbutt the death yak!
The death yak is severely wounded.
You slice the death yak!!
The death yak is almost dead.
You block the death yak's attack.
You completely miss the death yak.
The death yak is almost dead.
You slash the death yak!
You kill the death yak!
Okawaru accepts your kill.
You are no longer berserk.
You are exhausted.
You feel yourself slow down.
A yak and a death yak come into view.
The yak bellows!
You hear a bellow!
A bullfrog comes into view.
A yak comes into view. x2
The bullfrog gives a loud, deep croak!
A yak comes into view.
The bullfrog hits you but does no damage. x2
The bullfrog hits you but does no damage.
The bullfrog attacks as you move away!
The bullfrog hits you but does no damage.
The bullfrog closely misses you.
The bullfrog hits you but does no damage.
The bullfrog attacks as you move away! You block the bullfrog's attack.
The bullfrog hits you.
* * * LOW HITPOINT WARNING * * *
The bullfrog hits you but does no damage.
The bullfrog hits you.
* * * LOW HITPOINT WARNING * * *
The bullfrog attacks as you move away! The bullfrog barely misses you.
You furiously retaliate!
You headbutt the bullfrog.
The bullfrog hits you but does no damage.
The bullfrog attacks as you move away! You block the bullfrog's attack.
The bullfrog hits you but does no damage.
You block the bullfrog's attack. The death yak attacks as you move away!
The death yak gores you.
* * * LOW HITPOINT WARNING * * *
The death yak gores you!!
You die...

. #.............†.... #.
#.....###########.. .### #.....#
#.. ...## #.....# #.. .####..#
#.....###### #..
.......#########.##.....# #..
#...YY.Y..F..##.....# ##.
##.########Y........# ##
#.#.......@...###..## #
##.#......[..#....#..### #
#Y..........#####......#####
######Y#.........# #####....)).
#.....Y##...###..# ###...).
......##..#.###..# ###..).
$.....#..##.#...## ######......
........###...#.######.........##
.Y.....## ##..#..#.........#.###


You could see a death yak and a bullfrog.

Vanquished Creatures
  2 death yaks (D:8)
  Pikel (D:6)
  The ghost of HC7 the Ruffian, a novice TrEE of Gozag (D:5)
  Grinder (D:4)
  A hornet (D:8)
  4 yaks (D:8)
  3 wyverns (D:7)
  2 steam dragons
  4 vampire mosquitoes (D:8)
  Duvessa (D:4)
  An orc warrior (D:8)
  3 black bears
  2 ice beasts
  2 ogres
  3 sky beasts
  4 lemures (D:6)
  A kobold brigand (D:7)
  3 bullfrogs
  Blork the orc (D:5)
  A necrophage (D:6)
  5 scorpions (D:5)
  2 gnoll sergeants (D:7)
  Dowan (D:4)
  3 killer bees (D:5)
  2 orc priests
  2 hounds
  2 iguanas (D:5)
  3 orc wizards
  Natasha (thrice) (D:4)
  8 gnolls
  7 adders
  A shadow imp (D:6)
  2 white imps
  A dart slug (D:2)
  2 worms (D:3)
  15 orcs
  4 bats
  5 endoplasms
  2 giant cockroaches
  10 goblins
  4 hobgoblins
  3 jackals (D:5)
  11 kobolds
  5 quokkas
  5 ball pythons
  2 frilled lizards
  7 rats
158 creatures vanquished.

Notes
Turn   | Place    | Note
-------+----------+-------------------------------------------
     0 | D:1      | a11behringer the Minotaur Fighter began the quest for the
                  | Orb.
     0 | D:1      | Reached XP level 1. HP: 19/19 MP: 0/0
   106 | D:1      | Found a faded altar of an unknown god.
   126 | D:1      | Reached XP level 2. HP: 27/27 MP: 1/1
   265 | D:1      | Found Goapadgh's Assorted Antiques.
  1027 | D:2      | Reached skill level 3 in Axes
  1203 | D:2      | Reached XP level 3. HP: 33/33 MP: 2/2
  2072 | D:3      | Found Omots's Book Boutique.
  2153 | D:3      | Reached XP level 4. HP: 40/40 MP: 3/3
  2334 | D:3      | Identified a scroll of acquirement
  2334 | D:3      | Acquired 586 gold pieces
  2431 | D:1      | Bought a shiny plate armour for 468 gold pieces
  2431 | D:1      | Bought a scroll labelled QEK FIADEWOSE for 18 gold pieces
  2431 | D:1      | Bought a scroll labelled FAMPYDGHOSEZ for 18 gold pieces
  2431 | D:1      | Bought a fizzy cyan potion for 16 gold pieces
  2431 | D:1      | Bought a scroll labelled ZYNUNI LEINKYW for 18 gold pieces
  2431 | D:1      | Bought a potion of curing for 54 gold pieces
  2759 | D:3      | Reached skill level 4 in Axes
  2988 | D:4      | Reached XP level 5. HP: 46/46 MP: 4/4
  3031 | D:4      | Got the Reference Book on Lethal Fire
  3157 | D:4      | Noticed Natasha
  3165 | D:4      | Killed Natasha
  3166 | D:4      | Reached skill level 5 in Axes
  3201 | D:4      | Noticed a black bear
  3203 | D:4      | Noticed Grinder
  3208 | D:4      | Killed a black bear
  3209 | D:4      | Reached skill level 1 in Dodging
  3209 | D:4      | Reached XP level 6. HP: 52/53 MP: 5/5
  3212 | D:4      | Noticed Natasha
  3217 | D:4      | Paralysed by Grinder for 7 turns
  3224 | D:4      | Killed Grinder
  3225 | D:4      | Reached skill level 6 in Axes
  3225 | D:4      | Reached skill level 5 in Armour
  3226 | D:4      | Killed Natasha
  3227 | D:4      | Reached skill level 7 in Axes
  3343 | D:4      | Noticed Dowan
  3345 | D:4      | Noticed Duvessa
  3354 | D:4      | Killed Dowan
  3355 | D:4      | Reached XP level 7. HP: 50/60 MP: 6/6
  3361 | D:4      | Killed Duvessa
  3418 | D:4      | Noticed a steam dragon
  3428 | D:4      | HP: 2/60 [steam dragon/ball of steam (8)]
  3431 | D:4      | Killed a steam dragon
  3432 | D:4      | Reached skill level 8 in Axes
  3432 | D:4      | Reached skill level 5 in Shields
  3769 | D:4      | Found an opulent altar of Gozag.
  3774 | D:4      | Found a radiant altar of Vehumet.
  4002 | D:4      | Noticed Natasha
  4011 | D:4      | Killed Natasha
  4162 | D:5      | Entered Level 5 of the Dungeon
  4181 | D:5      | Reached skill level 5 in Fighting
  4206 | D:5      | Found a hide-covered altar of Uskayaw.
  4230 | D:5      | Reached XP level 8. HP: 54/68 MP: 7/7
  4336 | D:5      | Reached skill level 9 in Axes
  4484 | D:5      | Found an iron altar of Okawaru.
  4526 | D:5      | Became a worshipper of Warmaster Okawaru
  4579 | D:5      | Noticed Blork the orc
  4587 | D:5      | Killed Blork the orc
  4678 | D:5      | Reached skill level 1 in Invocations
  4686 | D:5      | Reached skill level 10 in Axes
  4906 | D:5      | Found a runed translucent door.
  4913 | D:5      | Noticed HC7's ghost (novice TrEE)
  4979 | D:5      | Killed HC7's ghost
  4979 | D:5      | Reached * piety under Okawaru
  4979 | D:5      | Reached ** piety under Okawaru
  4980 | D:5      | Reached skill level 1 in Throwing
  4980 | D:5      | Reached XP level 9. HP: 26/75 MP: 7/9
  5342 | D:6      | Reached skill level 11 in Axes
  5628 | D:6      | Found a staircase to the Ecumenical Temple.
  5750 | D:6      | Found a stormy altar of Qazlal.
  5870 | D:6      | Noticed Pikel
  5894 | D:6      | Killed Pikel
  5895 | D:6      | Reached skill level 12 in Axes
  6688 | D:7      | Reached *** piety under Okawaru
  6746 | D:7      | Found Xoufesof's Distillery.
  6766 | D:7      | Bought a potion of haste for 150 gold pieces
  6766 | D:7      | Bought a potion of heal wounds for 75 gold pieces
  7057 | D:7      | Reached skill level 13 in Axes
  7057 | D:7      | Reached XP level 10. HP: 66/84 MP: 11/11
  7721 | D:8      | Reached **** piety under Okawaru
  8273 | D:8      | Reached skill level 14 in Axes
  8437 | D:8      | Noticed a death yak
  8440 | D:8      | Noticed a death yak
  8443 | D:8      | Found a staircase to the Lair.
  8454 | D:8      | Killed a death yak
  8461 | D:8      | Killed a death yak
  8463 | D:8      | Noticed a death yak
  8480 | D:8      | Slain by a death yak

Illustrated notes

Levels and vault maps discovered:
D:1:      elethiomel_arrival_quiet, layout_basic, ebering_ecumenical_altar_mist,
          serial_shops, nicolae_lakefront_shop, minmay_cut_off
D:2:      layout_basic
D:3:      layout_basic, serial_shops, shop
D:4:      layout_cave_pods, grunt_temple_overflow_open, uniq_grinder,
          uniq_natasha, uniq_duvessa
D:5:      layout_rooms, kennysheep_okawaru_gauntlet, nicolae_uskayaw_dance_hall,
          ebering_ghost_reflecting_pool, uniq_blork_the_orc
D:6:      layout_cave_pods, nicolae_qazlal_general_emergency, temple_fountains,
          uniq_pikel
D:7:      layout_gridville, serial_shops, nicolae_shop_hallway_plus,
          kennysheep_generic_room_8
D:8:      layout_rooms, dpeg_lair_monsters

Skill      XL: |  1  2  3  4  5  6  7  8  9 10 |
---------------+-------------------------------+-----
Fighting       | 4 5 6 7 |  7.6
Shields        | 4 5 6 7 |  7.3
Axes           | 3 4 5 7 8 10 13 14 | 14.5
Armour         | 4 5 6 7 8 |  8.3
Dodging        | 1 |  1.2
Invocations    | 2 3 4 |  4.7
Throwing       | 1 |  1.1

Action                   |  1- 3 |  4- 6 |  7- 9 | 10-12 || total
-------------------------+-------+-------+-------+-------++-------
Melee: War axe           |    90 |    56 |   248 |    99 ||   493
       Headbutt          |    12 |     9 |    45 |    16 ||    82
Throw: Dart              |       |       |     8 |       ||     8
  Use: Scroll            |       |     6 |     4 |     1 ||    11
       Potion            |       |     2 |     2 |     1 ||     5
Armor: Scale mail        |    32 |     4 |       |       ||    36
       Plate armour      |       |    36 |   113 |    56 ||   205
Dodge: Dodged            |    45 |    17 |    96 |    46 ||   204
Block: Buckler           |    17 |    31 |   114 |    51 ||   213

Table legend: (Time is in decaauts)
 A = Elapsed time spent in this place.
 B = Non-inter-level travel time spent in this place.
 C = Inter-level travel time spent in this place.
 D = Time resting spent in this place.
 E = Time spent auto-exploring this place.
 F = Levels seen in this place.
 G = Mean time per level.
                   A        B        C        D        E       F      G
               +--------+--------+--------+--------+--------+-----+--------+
         Total |   8523 |   7807 |    716 |      0 |   6705 |   8 | 1065.4 |
       Dungeon |   8523 |   7807 |    716 |      0 |   6705 |   8 | 1065.4 |
               +--------+--------+--------+--------+--------+-----+--------+

Top non-repeatable levels by time:
     D:2: 1332 daAuts
     D:6: 1240 daAuts
     D:4: 1187 daAuts
     D:5: 1163 daAuts
     D:8: 1034 daAuts
     D:1: 971 daAuts
     D:7: 876 daAuts
     D:3: 716 daAuts
